[Event "*** SCC Grand Prix: Titled Tuesday Blitz"]
[Site "Chess.com"]
[Date "2020.06.23"]
[Round "9"]
[White "Schandenfreude"]
[Black "KyrgyzFighter"]
[Result "1-0"]
[WhiteElo "2533"]
[BlackElo "2305"]
[TimeControl "180+1"]
[EndTime "11:43:36 PDT"]
[Termination "Schandenfreude won by resignation"]

1. Nf3 f5 2. b3 Nf6 3. Bb2 g6 4. g3 Bg7 5. Bg2 O-O 6. O-O d6 7. d4 Qe8 8. c4 Nbd7 9. d5 a5 10. Nc3 Nc5 11. Nd4 Bd7 12. Qc2 c6 13. Rad1 Rd8 14.
Ba3 e5 15. dxe6 Bxe6 16. Nxe6 Qxe6 17. e3 Kh8 18. Rd2 Nce4 19. Nxe4 Nxe4 20. Bxe4 fxe4 21. Rfd1 d5 22. Bxf8 Rxf8 23. cxd5 cxd5 24. Rxd5 Qf6 25. Rd6 Qe7 26. Rd7 Qf6 27. Qd2 h5 28. Rd8 Rxd8 29. Qxd8+ Qxd8 30. Rxd8+ Kh7 31. Re8 a4 32. bxa4 1-0

[Event "*** SCC Grand Prix: Titled Tuesday Blitz"]
[Site "Chess.com"]
[Date "2020.06.23"]
[Round "9"]
[White "Michaelson_11"]
[Black "ElusiveCat"]
[Result "1-0"]
[WhiteElo "2096"]
[BlackElo "2320"]
[TimeControl "180+1"]
[EndTime "11:43:38 PDT"]
[Termination "Michaelson_11 won by resignation"]

1. e4 Nf6 2. e5 Nd5 3. d4 d6 4. c4 Nb6 5. exd6 cxd6 6. Nc3 g6 7. Be3 Bg7 8. Rc1 O-O 9. b3 Nc6 10. d5 Ne5 11. Be2 f5 12. f4 Ng4 13. Bxg4 fxg4 14. Nge2 e5 15. O-O Be6 16. dxe6 Rc8 17. Nd5 Re8 18. Bxb6 axb6 19. Kh1 exf4 20. Nexf4 Qh4 21.
Nxb6 Rc5 22. Nbd5 g3 23. h3 Be5 24. Nd3 Rxd5 25. cxd5 Bg7 26. Rc7 Qd4 27. Qf3 Rf8 28. Rxg7+ Qxg7 29. Qxf8+ Qxf8 30. Rxf8+ Kxf8 31. Kg1 1-0

[Event "*** SCC Grand Prix: Titled Tuesday Blitz"]
[Site "Chess.com"]
[Date "2020.06.23"]
[Round "9"]
[White "fabianvivasz"]
[Black "rugbyclub"]
[Result "1-0"]
[WhiteElo "2281"]
[BlackElo "2134"]
[TimeControl "180+1"]
[EndTime "11:43:40 PDT"]
[Termination "fabianvivasz won by resignation"]

1. e4 e5 2. Nf3 Nc6 3. d4 exd4 4. Bc4 Bc5 5. c3 Nf6 6. e5 d5 7. Bb5 Ne4 8. cxd4 Bb6 9. Be3 O-O 10. Nc3 Bg4 11.
Qc2 Bxf3 12. gxf3 Ng5 13. O-O-O Ne6 14. Bxc6 bxc6 15. f4 g6 16. f5 Ng7 17. Bh6 Re8 18. Bxg7 Kxg7 19. f6+ Kh8 20. Rd3 Rb8 21. Qd2 Qd7 22. Qh6 Rg8 23. Rh3 1-0

[Event "*** SCC Grand Prix: Titled Tuesday Blitz"]
[Site "Chess.com"]
[Date "2020.06.23"]
[Round "9"]
[White "kirillshevchenko"]
[Black "Dr-Bassem"]
[Result "0-1"]
[WhiteElo "2922"]
[BlackElo "2825"]
[TimeControl "180+1"]
[EndTime "11:43:51 PDT"]
[Termination "Dr-Bassem won by resignation"]

1. d4 e6 2. Nf3 f5 3. c4 Nf6 4.
Nc3 Be7 5. g3 O-O 6. Bg2 d6 7. O-O Qe8 8. Re1 Ne4 9. Nxe4 fxe4 10. Nd2 d5 11. cxd5 exd5 12. f3 Bf6 13. fxe4 Bxd4+ 14. Kh1 dxe4 15. Nxe4 Nc6 16. Bf4 Bb6 17. Rf1 Bg4 18. h3 Bxh3 19. Bxh3 Qxe4+ 20. Bg2 Qg6 21.
Qd5+ Kh8 22. Be4 Qg4 23. Bg2 Rf5 0-1

[Event "*** SCC Grand Prix: Titled Tuesday Blitz"]
[Site "Chess.com"]
[Date "2020.06.23"]
[Round "9"]
[White "j_coca"]
[Black "Piotrek1979"]
[Result "0-1"]
[WhiteElo "2191"]
[BlackElo "2348"]
[TimeControl "180+1"]
[EndTime "11:43:52 PDT"]
[Termination "Piotrek1979 won by resignation"]

1. f4 g6 2. Nf3 c5 3. e3 Bg7 4. d4 Nf6 5. c3 Qc7 6. Bd3 b6 7. O-O Bb7 8. Nbd2 cxd4 9. exd4 Qxf4 10. Ne4 Qc7 11. Nfg5 Nxe4 12. Nxe4 O-O 13. Qe2 Nc6 14.
Ng5 e5 15. Bc4 d5 16. Bxd5 Nxd4 17. Bxf7+ Rxf7 18. cxd4 Rxf1+ 19. Qxf1 Rf8 20. Qe2 exd4 21. Bd2 Qd7 22. Re1 d3 23. Qe7 Bd4+ 0-1

[Event "*** SCC Grand Prix: Titled Tuesday Blitz"]
[Site "Chess.com"]
[Date "2020.06.23"]
[Round "9"]
[White "Belka1989"]
[Black "zurzan"]
[Result "0-1"]
[WhiteElo "2283"]
[BlackElo "1939"]
[TimeControl "180+1"]
[EndTime "11:43:53 PDT"]
[Termination "zurzan won on time"]

1. d4 d6 2. Nf3 g6 3. Bf4 Bg7 4. e3 f5 5. c4 Nf6 6. Nc3 O-O 7. Qc2 c6 8. O-O-O Nbd7 9. h3 h6 10. g4 g5 11. Bg3 fxg4 12. hxg4 Nxg4 13. Bd3 Ndf6 14.
Bg6 Be6 15. e4 Bxc4 16. e5 Nd5 17. exd6 exd6 18. Ne4 Bxa2 19. Bh5 Ngf6 20. Bg6 Nxe4 21. Bxe4 Nf6 22. Bd3 d5 23. Qb3 Bxb3 0-1

[Event "*** SCC Grand Prix: Titled Tuesday Blitz"]
[Site "Chess.com"]
[Date "2020.06.23"]
[Round "9"]
[White "theblitzchamp"]
[Black "A-Fier"]
[Result "1-0"]
[WhiteElo "2669"]
[BlackElo "2761"]
[TimeControl "180+1"]
[EndTime "11:43:54 PDT"]
[Termination "theblitzchamp won by resignation"]

1. d4 Nf6 2. Bf4 c5 3. d5 d6 4. Nc3 e5 5. dxe6 Bxe6 6. e4 Be7 7. Nf3 O-O 8. Be2 Nc6 9. O-O d5 10. exd5 Nxd5 11. Nxd5 Bxd5 12. Re1 Bf6 13. c3 Re8 14. Qc2 Be4 15. Qb3 Na5 16. Qa4 a6 17. Rad1 Qb6 18.
Qd7 Qxb2 19. Bd3 Bc6 20. Qf5 Kf8 21. Bd6+ Re7 22. Qxh7 Ke8 23. Bxe7 1-0

[Event "*** SCC Grand Prix: Titled Tuesday Blitz"]
[Site "Chess.com"]
[Date "2020.06.23"]
[Round "9"]
[White "louis198"]
[Black "tsvet2005"]
[Result "1-0"]
[WhiteElo "2503"]
[BlackElo "2621"]
[TimeControl "180+1"]
[EndTime "11:43:55 PDT"]
[Termination "louis198 won by checkmate"]

1. d4 d5 2. c4 e6 3. Nc3 c6 4. cxd5 exd5 5. Nf3 Nf6 6. Bg5 Be7 7. Qc2 g6 8. e3 Bf5 9. Bd3 Bxd3 10. Qxd3 Nbd7 11.
h3 O-O 12. O-O Re8 13. Rab1 a5 14. a3 Ne4 15. Bxe7 Qxe7 16. Nd2 Nd6 17. Rfe1 f5 18. f4 Nf6 19. Nf3 Nfe4 20. Ne5 g5 21. Rf1 h6 22. fxg5 hxg5 23. Nxe4 dxe4 24. Qd1 Kg7 25. Rc1 Qe6 26. Rc5 Rad8 27. Rxa5 Nb5 28. a4 Nc7 29. Qh5 Qf6 30. Ng4 Qg6 31. Qxg6+ Kxg6 32. Raxf5 Nd5 33. Rf7 Re6 34.
Rxb7 Ra8 35. b3 Nc3 36. Ne5+ Kh6 37. Rff7 g4 38. Rh7+ Kg5 39. h4+ Kf6 40. Rbf7# 1-0

[Event "*** SCC Grand Prix: Titled Tuesday Blitz"]
[Site "Chess.com"]
[Date "2020.06.23"]
[Round "9"]
[White "gumimis"]
[Black "SHIVACalypso"]
[Result "0-1"]
[WhiteElo "2157"]
[BlackElo "2353"]
[TimeControl "180+1"]
[EndTime "11:43:55 PDT"]
[Termination "SHIVACalypso won by resignation"]

1. e4 e6 2. d4 d5 3. Nc3 Nf6 4. e5 Nfd7 5. f4 c5 6. Nf3 Nc6 7. Be3 Be7 8. Qd2 O-O 9. dxc5 Qa5 10. Be2 Bxc5 11. O-O Qb6 12. Bxc5 Nxc5 13. Kh1 Qxb2 14. Nb5 Ne4 15. Qd3 Nb4 16. Qd1 Qxc2 17. Nfd4 Qxd1 18. Raxd1 Nxa2 19. Rd3 Bd7 20. Rb1 Nf2+ 21. Kg1 Nxd3 22. Bxd3 Bxb5 23. Nxb5 a6 0-1

[Event "*** SCC Grand Prix: Titled Tuesday Blitz"]
[Site "Chess.com"]
[Date "2020.06.23"]
[Round "9"]
[White "FMJoseHerrera"]
[Black "Bigfish1995"]
[Result "0-1"]
[WhiteElo "2581"]
[BlackElo "3017"]
[TimeControl "180+1"]
[EndTime "11:43:57 PDT"]
[Termination "Bigfish1995 won on time"]

1. Nf3 d5 2. g3 Nf6 3. Bg2 g6 4. d3 Bg7 5. Nc3 O-O 6. h4 h5 7.
Bg5 c5 8. Qd2 Nc6 9. Bh6 d4 10.
Bxg7 Kxg7 11. Nd1 e5 12. O-O Bf5 13. Ng5 Re8 14. e4 Bd7 15. f4 Ng4 16. f5 f6 17.
Nh3 gxf5 18. exf5 Ne7 19. Be4 Qc8 20. Qg2 Rb8 21. Qf3 Rh8 22. Nhf2 Nh6 23. g4 hxg4 24.
Nxg4 Nhxf5 25. Ndf2 Rxh4 26. Kg2 Qh8 27. Rh1 Rg8 28.
Rhg1 Kf8 29. Kf1 Rhxg4 30. Nxg4 Rxg4 31. Rxg4 Ne3+ 0-1

[Event "*** SCC Grand Prix: Titled Tuesday Blitz"]
[Site "Chess.com"]
[Date "2020.06.23"]
[Round "9"]
[White "Phriex"]
[Black "chess94cu"]
[Result "0-1"]
[WhiteElo "2409"]
[BlackElo "2555"]
[TimeControl "180+1"]
[EndTime "11:43:57 PDT"]
[Termination "chess94cu won by resignation"]

1. d4 Nf6 2. c4 e6 3. Nc3 Bb4 4. Qc2 b6 5. e4 c5 6. d5 Qe7 7. Ne2 exd5 8. cxd5 Qxe4 9. Qxe4+ Nxe4 10. a3 Bxc3+ 11.
Nxc3 Nxc3 12. bxc3 d6 13. c4 O-O 14. Bd3 Re8+ 15.
Kd2 Nd7 16. f4 Nf6 17. Bb2 Ne4+ 18. Bxe4 Rxe4 19. Rhe1 Bf5 20. Rxe4 Bxe4 21. Re1 f5 22. g4 Kf7 23. gxf5 Bxf5 24. Rg1 g6 25. h4 h5 26. Re1 Rb8 27. Re3 a6 28. Rb3 b5 29. cxb5 Rxb5 30.
Rxb5 axb5 31. Ke3 Bc2 32. Bc3 Ke7 33. Bb2 Kd7 34. Bc3 Bf5 35. Bb2 Bh3 36. Bc3 Bg2 37.
f5 gxf5 38. Kf4 Bxd5 39. Kxf5 Bf3 40. Kf4 Bd1 41. Ke3 d5 42. Kd2 Bg4 43. Ba5 Kc6 44.
Bd8 d4 45. Bf6 Kd5 46. Bh8 c4 47. Bf6 Bf5 48. Kc1 c3 49. Bh8 Kc4 50. Bg7 d3 51. Bh6 Kb3 52. Bg5 0-1

[Event "*** SCC Grand Prix: Titled Tuesday Blitz"]
[Site "Chess.com"]
[Date "2020.06.23"]
[Round "9"]
[White "Mbneu"]
[Black "icychess54"]
[Result "1-0"]
[WhiteElo "2204"]
[BlackElo "2297"]
[TimeControl "180+1"]
[EndTime "11:43:59 PDT"]
[Termination "Mbneu won by checkmate"]

1. d4 d5 2. c4 c6 3. Nc3 Nf6 4. Nf3 e6 5. g3 Nbd7 6. Bg2 Bd6 7. O-O O-O 8. Bf4 Bxf4 9. gxf4 b6 10. cxd5 exd5 11.
Kh1 Bb7 12. Rg1 Re8 13. Ne5 Nf8 14. e3 Qc8 15. Ne2 Ng6 16. Ng3 c5 17. Nh5 Nxh5 18.
Qxh5 cxd4 19. exd4 Nxe5 20. fxe5 Qe6 21. Bh3 Qe7 22.
Rxg7+ Kxg7 23. Rg1+ Kh8 24. Bf5 f6 25. exf6 Qe4+ 26.
Bxe4 dxe4 27. Rg7 e3+ 28. Kg1 e2 29. Qxh7# 1-0

[Event "*** SCC Grand Prix: Titled Tuesday Blitz"]
[Site "Chess.com"]
[Date "2020.06.23"]
[Round "9"]
[White "nikitakhoroshev"]
[Black "abubakrtagelsir"]
[Result "1-0"]
[WhiteElo "2488"]
[BlackElo "2346"]
[TimeControl "180+1"]
[EndTime "11:44:01 PDT"]
[Termination "nikitakhoroshev won by resignation"]

1. d4 Nf6 2. c4 g6 3. Nc3 Bg7 4. e4 d6 5. Be2 O-O 6. Bg5 c5 7. d5 h6 8. Be3 e6 9. Qd2 exd5 10. cxd5 Kh7 11. f3 a6 12. a4 Nbd7 13. Nh3 Ne5 14. Nf2 h5 15. O-O Rb8 16. Rfb1 Bd7 17. b4 cxb4 18. Rxb4 b5 19. axb5 axb5 20. Nxb5 Bxb5 21. Rxb5 Rxb5 22. Bxb5 Nxd5 23. Qxd5 Nxf3+ 24. gxf3 Bxa1 25. Bf4 Qb6 26. Bxd6 Rd8 27. Qxf7+ Bg7 28. Be5 Rg8 29. Bc4 Kh6 30. Bf4+ g5 31. Qxg8 gxf4 32. Qe6+ Qxe6 33. Bxe6 1-0

[Event "*** SCC Grand Prix: Titled Tuesday Blitz"]
[Site "Chess.com"]
[Date "2020.06.23"]
[Round "9"]
[White "Ginger_GM"]
[Black "dpruess"]
[Result "0-1"]
[WhiteElo "2649"]
[BlackElo "2506"]
[TimeControl "180+1"]
[EndTime "11:44:03 PDT"]
[Termination "dpruess won by resignation"]

1. d4 d5 2. Nc3 Nf6 3. Bf4 Bf5 4. f3 e6 5. g4 Bg6 6. h4 h5 7. g5 Nfd7 8. e3 a6 9. Bd3 Bxd3 10. cxd3 c5 11. dxc5 Bxc5 12. d4 Be7 13.
Nge2 Qb6 14. Kf2 Nc6 15. Bg3 g6 16. Na4 Qa7 17. Rc1 O-O 18. Bc7 Rac8 19. Bb6 Nxb6 20. Nc5 Nc4 21. Nd7 Rfd8 22. Nf6+ Bxf6 23. gxf6 Nxb2 24.
Rc2 Nxd1+ 0-1

[Event "*** SCC Grand Prix: Titled Tuesday Blitz"]
[Site "Chess.com"]
[Date "2020.06.23"]
[Round "9"]
[White "praveenb2002"]
[Black "Lenyas66"]
[Result "1-0"]
[WhiteElo "2762"]
[BlackElo "2507"]
[TimeControl "180+1"]
[EndTime "11:44:03 PDT"]
[Termination "praveenb2002 won by resignation"]

1. e4 e6 2. d4 d5 3. Nd2 Nf6 4. e5 Nfd7 5. Bd3 c5 6. c3 Nc6 7. Ne2 cxd4 8. cxd4 f6 9. exf6 Nxf6 10. Nf3 Bd6 11. O-O Qc7 12. h3 O-O 13. Be3 Bd7 14. Rc1 Rae8 15. a3 Qb8 16. Nc3 a6 17. b4 e5 18.
dxe5 Nxe5 19. Nxe5 Bxe5 20. Nxd5 Bc6 21. Nxf6+ Rxf6 22. Qg4 Ref8 23. Rfd1 h6 24. Be4 Bxe4 25. Qxe4 Bf4 26. Bxf4 Rxf4 27. Qe6+ Kh8 28. Rc2 Qa7 29.
Qe3 Qb8 30. Rd7 b5 31. Rcc7 Rxf2 32. Qxh6+ 1-0

[Event "*** SCC Grand Prix: Titled Tuesday Blitz"]
[Site "Chess.com"]
[Date "2020.06.23"]
[Round "9"]
[White "AllStarShark"]
[Black "iverichighladze"]
[Result "0-1"]
[WhiteElo "2308"]
[BlackElo "2445"]
[TimeControl "180+1"]
[EndTime "11:44:04 PDT"]
[Termination "iverichighladze won by resignation"]

1. d4 g6 2. e4 Bg7 3. Nc3 d6 4.
Be3 c6 5. Qd2 b5 6. a3 Nd7 7. h4 h5 8. Nf3 Bb7 9. Ng5 a6 10. f4 Qc7 11. f5 gxf5 12. exf5 Nh6 13. Bd3 Nb6 14. Qf2 Ng4 15. Qf3 c5 16. Be4 Bxe4 17.
Qxe4 Nxe3 18. Qxe3 cxd4 19. Ne6 fxe6 20. Qxe6 dxc3 21.
Qg6+ Kf8 22. O-O Rh6 23. Qg5 cxb2 24. Rae1 Nd5 25. f6 Nxf6 26. Re6 Qc5+ 27. Kh1 Qxg5 28.
hxg5 Rg6 29. gxf6 Rxf6 0-1

[Event "*** SCC Grand Prix: Titled Tuesday Blitz"]
[Site "Chess.com"]
[Date "2020.06.23"]
[Round "9"]
[White "Godzillator"]
[Black "volcanoexplorer"]
[Result "0-1"]
[WhiteElo "2409"]
[BlackElo "2614"]
[TimeControl "180+1"]
[EndTime "11:44:08 PDT"]
[Termination "volcanoexplorer won by resignation"]

1. d4 Nf6 2. c4 e6 3. Nc3 d5 4. cxd5 exd5 5. Bg5 c6 6. Qc2 Be7 7. e3 Nbd7 8. Bd3 h6 9. Bh4 Nh5 10. Bxe7 Qxe7 11. O-O-O Nb6 12. Kb1 Nf6 13. h3 Be6 14. Nf3 O-O-O 15. Rc1 Kb8 16. Na4 Nxa4 17. Qxa4 Nd7 18.
Rc3 Nb6 19. Qa5 Nc4 20. Bxc4 dxc4 21. Nd2 b5 22. a4 Qc7 23. Qxc7+ Kxc7 24. axb5 cxb5 25.
b3 b4 26. Rc2 c3 27. Ne4 Bxb3 28. Nc5 Bxc2+ 29. Kxc2 Kb6 30. Ra1 a5 31. Kb3 Kb5 32. Nb7 Ra8 33. Nd6+ Kc6 34. Nc4 Rhc8 35. Ra4 c2 36.
Ra1 a4+ 37. Kxb4 Rcb8+ 38. Kc3 Rb1 39. Ne5+ Kd5 0-1

[Event "*** SCC Grand Prix: Titled Tuesday Blitz"]
[Site "Chess.com"]
[Date "2020.06.23"]
[Round "9"]
[White "Chigorinetz"]
[Black "AlexOstrovskiy"]
[Result "0-1"]
[WhiteElo "2539"]
[BlackElo "2714"]
[TimeControl "180+1"]
[EndTime "11:44:10 PDT"]
[Termination "AlexOstrovskiy won by resignation"]

1. e4 c6 2. d4 d5 3. f3 e6 4.
Nc3 Qb6 5. a4 Bb4 6. Be3 Nd7 7.
Bd3 Ngf6 8. Ne2 dxe4 9. fxe4 e5 10. a5 Bxa5 11. Qd2 Qc7 12. O-O Ng4 13. Bc4 O-O 14. d5 Nxe3 15. Bd3 Nxf1 16. Rxf1 Nc5 17. Ng3 cxd5 18. Rf6 Nxd3 19. cxd3 Bxc3 20. bxc3 gxf6 21. Nh5 Qb6+ 22. Kf1 Bg4 23. Qh6 Bxh5 0-1

[Event "*** SCC Grand Prix: Titled Tuesday Blitz"]
[Site "Chess.com"]
[Date "2020.06.23"]
[Round "9"]
[White "keshka01"]
[Black "GigaQuparadze"]
[Result "0-1"]
[WhiteElo "2591"]
[BlackElo "2832"]
[TimeControl "180+1"]
[EndTime "11:44:14 PDT"]
[Termination "GigaQuparadze won by resignation"]

1. d4 Nf6 2. Nf3 b6 3. Bf4 Bb7 4. e3 d6 5. h3 Nbd7 6. Bd3 g6 7. Nbd2 Bg7 8. e4 e5 9. dxe5 dxe5 10. Bh2 Qe7 11. Qe2 Nh5 12. Ba6 Bxa6 13. Qxa6 O-O 14. O-O Nf4 15. Rad1 Nc5 16. Qc4 b5 17. Qxb5 Rab8 18. Qa5 Rxb2 19. Bxf4 exf4 20. e5 a6 21. Nb3 Rxc2 22. Nbd4 Rc4 23. Nc6 Qe8 24. Qxc7 Kh8 25.
Rfe1 Ne6 26. Qb7 Qxc6 27. Qxc6 Rxc6 28. Nd4 Nxd4 29. Rxd4 Re6 30. Rxf4 Bxe5 31. Rfe4 Rfe8 32. Kf1 Bc3 33. Rxe6 Rxe6 34. Rc1 Bd2 35. Rc8+ Kg7 0-1

[Event "*** SCC Grand Prix: Titled Tuesday Blitz"]
[Site "Chess.com"]
[Date "2020.06.23"]
[Round "9"]
[White "Indianlad"]
[Black "topotun"]
[Result "1-0"]
[WhiteElo "2949"]
[BlackElo "2705"]
[TimeControl "180+1"]
[EndTime "11:44:14 PDT"]
[Termination "Indianlad won on time"]

1. e4 c5 2. Nc3 e6 3. Nf3 Nc6 4. Bb5 Nd4 5. Bd3 Nxf3+ 6. Qxf3 Qc7 7. b3 a6 8. Bb2 Nf6 9. O-O Bd6 10. h3 Be5 11.
Rfe1 O-O 12. Nd1 b5 13. Bxe5 Qxe5 14. c3 Bb7 15. Qe3 g5 16. Bc2 Rac8 17. g3 g4 18. h4 Kh8 19. d4 cxd4 20. cxd4 Qh5 21. Bd3 d5 22. e5 Ne4 23. Bxe4 dxe4 24. Qf4 f6 25.
exf6 Qg6 26. Ne3 h5 27. Rac1 Rxf6 28. Rxc8+ Bxc8 29. Qe5 Kh7 30. Rc1 Bb7 31. Rc5 1-0

[Event "*** SCC Grand Prix: Titled Tuesday Blitz"]
[Site "Chess.com"]
[Date "2020.06.23"]
[Round "9"]
[White "Brave_spirit12"]
[Black "Stronger1799"]
[Result "1-0"]
[WhiteElo "2377"]
[BlackElo "2468"]
[TimeControl "180+1"]
[EndTime "11:44:16 PDT"]
[Termination "Brave_spirit12 won by resignation"]

1. e4 c5 2. c3 b6 3. d4 Bb7 4.
Bd3 cxd4 5. cxd4 Nc6 6. Nf3 Nb4 7. Nc3 Nxd3+ 8. Qxd3 e6 9. O-O Bb4 10. d5 Nf6 11.
Bg5 h6 12. Bh4 g5 13. Bg3 O-O 14. Rfe1 Bxc3 15. bxc3 exd5 16. exd5 Bxd5 17. Bd6 Re8 18. Rxe8+ Qxe8 19. Re1 Be6 20. Nd4 Rc8 21. Nf5 Bxf5 22.
Rxe8+ Rxe8 23. Qd1 Ne4 24. h3 Nxc3 25. Qf3 Ne2+ 26.
Kh2 Bg6 27. Qf6 Re6 28. Qd8+ Kh7 29. Qxd7 Nc3 30. Bf8 a5 31. Qd4 f6 32. Qd7+ 1-0

[Event "*** SCC Grand Prix: Titled Tuesday Blitz"]
[Site "Chess.com"]
[Date "2020.06.23"]
[Round "9"]
[White "HrvojeZagreb"]
[Black "allvim"]
[Result "0-1"]
[WhiteElo "2101"]
[BlackElo "2213"]
[TimeControl "180+1"]
[EndTime "11:44:17 PDT"]
[Termination "allvim won by resignation"]

1. d4 Nf6 2. Bf4 d5 3. e3 c5 4. Nc3 e6 5. Nb5 Na6 6. a4 Be7 7. c3 O-O 8. h3 Bd7 9. Nf3 Bxb5 10. axb5 Nc7 11. Ne5 c4 12. b3 Nxb5 13. bxc4 Nxc3 14. Qb3 Nce4 15. c5 b6 16. f3 g5 17. Bh2 bxc5 18. fxe4 c4 19. Qa4 Nxe4 20. Nc6 Qd7 21. Nxe7+ Qxe7 22. Be2 Qf6 23. Bf3 g4 24. hxg4 Qh4+ 25.
Kd1 Nc3+ 26. Kc2 Nxa4 27. Rxa4 Qf2+ 28. Kc1 Qxe3+ 29. Kd1 Qb3+ 0-1

[Event "*** SCC Grand Prix: Titled Tuesday Blitz"]
[Site "Chess.com"]
[Date "2020.06.23"]
[Round "9"]
[White "seorobert1971"]
[Black "petrkostenko"]
[Result "1-0"]
[WhiteElo "2705"]
[BlackElo "2529"]
[TimeControl "180+1"]
[EndTime "11:44:20 PDT"]
[Termination "seorobert1971 won by checkmate"]

1. c4 e6 2. Nc3 d5 3. d4 a6 4.
cxd5 exd5 5. Nf3 Nf6 6. Bg5 Be6 7. Bxf6 Qxf6 8. Qb3 b5 9. a4 b4 10. Nxd5 Qd8 11. e4 c6 12. Qe3 cxd5 13. exd5 Qxd5 14. Rc1 Be7 15. Bd3 Qb3 16. d5 Bxd5 17. Rc8+ Kd7 18. Rxh8 Qxb2 19. O-O g6 20. Ne5+ Kd6 21. Nc4+ Bxc4 22.
Bxc4 Qxh8 23. Rd1+ Kc7 24. Qxe7+ Kc8 25. Bd5 Qd8 26.
Bb7# 1-0

[Event "*** SCC Grand Prix: Titled Tuesday Blitz"]
[Site "Chess.com"]
[Date "2020.06.23"]
[Round "9"]
[White "warmoatmeal"]
[Black "Ashedu66"]
[Result "1-0"]
[WhiteElo "2316"]
[BlackElo "2154"]
[TimeControl "180+1"]
[EndTime "11:44:24 PDT"]
[Termination "warmoatmeal won by resignation"]

1. Nf3 d5 2. d4 Nf6 3. Bg5 e6 4.
e3 c5 5. c3 g6 6. Nbd2 Bg7 7.
h3 O-O 8. Be2 Nc6 9. O-O Re8 10.
Ne5 h6 11. Bh4 Qb6 12. Rb1 Nxe5 13. dxe5 Nd7 14. f4 c4 15. Bf2 Qc7 16. e4 b5 17.
exd5 exd5 18. Nf3 Nb6 19. Nd4 a6 20. Bg4 f5 21. exf6 Bxf6 22. Qf3 Kg7 23. Rbe1 Bxg4 24. Qxg4 h5 25. Ne6+ Rxe6 26. Qxe6 Nd7 27. Bd4 Rf8 28.
Qe7+ Kh6 29. Bxf6 Rxf6 30. Re6 Rxf4 31. Rxf4 Qxf4 32. Qxd7 Qc1+ 33. Kf2 Qf4+ 34. Ke2 1-0

[Event "*** SCC Grand Prix: Titled Tuesday Blitz"]
[Site "Chess.com"]
[Date "2020.06.23"]
[Round "9"]
[White "rududuyk"]
[Black "ChessArchitect64"]
[Result "1-0"]
[WhiteElo "2127"]
[BlackElo "1883"]
[TimeControl "180+1"]
[EndTime "11:44:24 PDT"]
[Termination "rududuyk won by checkmate"]

1. e4 c5 2. Nc3 Nc6 3. f4 g6 4. Nf3 Bg7 5. Bc4 e6 6. d3 Nge7 7. O-O O-O 8. Qe1 d5 9. Bb3 b5 10. Nxb5 Qb6 11. c4 Nb4 12. Qe2 dxe4 13. dxe4 a6 14. Nc3 Bb7 15. Be3 Bxc3 16. bxc3 Nbc6 17. Qf2 Qa5 18. Rac1 Nc8 19. Bxc5 Rd8 20. f5 exf5 21. exf5 Qc7 22. fxg6 hxg6 23. Ng5 Rd7 24. Rce1 Nd6 25. Qh4 Nf5 26. Qh7# 1-0

[Event "*** SCC Grand Prix: Titled Tuesday Blitz"]
[Site "Chess.com"]
[Date "2020.06.23"]
[Round "9"]
[White "MF1966Idrisov"]
[Black "Ermito2020"]
[Result "0-1"]
[WhiteElo "2354"]
[BlackElo "2493"]
[TimeControl "180+1"]
[EndTime "11:44:26 PDT"]
[Termination "Ermito2020 won by resignation"]

1. Nf3 d5 2. d4 Nf6 3. Bf4 e6 4.
e3 Bd6 5. Bg3 b6 6. Bd3 Ba6 7.
O-O Bxd3 8. cxd3 O-O 9. Nc3 c5 10. e4 Bxg3 11. hxg3 Nc6 12. exd5 Nxd5 13. dxc5 Nxc3 14.
bxc3 bxc5 15. Qa4 Qd6 16. Rfd1 Rfd8 17. d4 cxd4 18. Nxd4 Nxd4 19. Rxd4 Qe7 20. Rad1 Rxd4 21. Qxd4 h6 22. Qd6 Qf6 23. Qd4 Qg6 24. Qd3 Qg5 25. c4 Rc8 26. Qd4 Qc5 27. Qxc5 Rxc5 28. Rc1 Kf8 29. Kf1 Ke7 30. Ke2 e5 31. Kd3 Ra5 32.
Rc2 Ra3+ 33. Ke4 Ke6 34. g4 g6 0-1

[Event "*** SCC Grand Prix: Titled Tuesday Blitz"]
[Site "Chess.com"]
[Date "2020.06.23"]
[Round "9"]
[White "Djager97"]
[Black "KubaGepard"]
[Result "0-1"]
[WhiteElo "2441"]
[BlackElo "2378"]
[TimeControl "180+1"]
[EndTime "11:44:27 PDT"]
[Termination "KubaGepard won by resignation"]

1. e4 e5 2. Nf3 Nc6 3. d4 exd4 4. Nxd4 Nf6 5. Nxc6 bxc6 6. e5 Qe7 7. Qe2 Nd5 8.
c4 Nb6 9. Nc3 Ba6 10. Qe4 Qe6 11. c5 Bxf1 12. cxb6 Ba6 13. bxc7 Bc5 14. Be3 Bxe3 15.
Qxe3 O-O 16. O-O-O Rfc8 17. Rd6 Qg4 18. Rhd1 Rxc7 19. e6 fxe6 20. Rxd7 Rxd7 21. Rxd7 Qxg2 22. Qxe6+ Kh8 23. Qe7 Rg8 24. Qc5 Bc8 25. Rxa7 Bg4 26. a4 Rd8 27. Kb1 Qf1+ 28. Kc2 Qd3+ 29. Kc1 Bf5 0-1

[Event "*** SCC Grand Prix: Titled Tuesday Blitz"]
[Site "Chess.com"]
[Date "2020.06.23"]
[Round "9"]
[White "Igor_Lysyj"]
[Black "Beca95"]
[Result "0-1"]
[WhiteElo "2774"]
[BlackElo "2891"]
[TimeControl "180+1"]
[EndTime "11:44:28 PDT"]
[Termination "Beca95 won by resignation"]

1. d4 Nf6 2. c4 c5 3. d5 e6 4. Nc3 exd5 5. cxd5 d6 6. Nf3 g6 7. Bf4 a6 8. a4 Bg7 9. h3 O-O 10.
e3 Ne8 11. Be2 Nd7 12. O-O Ne5 13. Bxe5 Bxe5 14. Nxe5 dxe5 15. a5 Nd6 16. Qd2 Bd7 17. e4 Rc8 18. f4 Qe7 19. Rae1 f6 20. Bd3 Bb5 21. Rf2 exf4 22. Bxb5 axb5 23. Qxf4 Qe5 24.
Qf3 b4 25. Na4 c4 26. Nb6 Rc7 27. Rfe2 c3 28. bxc3 bxc3 29. Qd3 Re8 30. Rc1 f5 31. Rcc2 Nxe4 32. Qb5 Qd4+ 33. Kh2 Rd8 34. Qb3 Kg7 35. Qb5 h5 36. Rc1 h4 37. Rcc2 Qd1 38. Rxe4 fxe4 39. Re2 Qd3 0-1

[Event "*** SCC Grand Prix: Titled Tuesday Blitz"]
[Site "Chess.com"]
[Date "2020.06.23"]
[Round "9"]
[White "Azatic"]
[Black "Ural_bogatyr"]
[Result "1-0"]
[WhiteElo "2535"]
[BlackElo "2318"]
[TimeControl "180+1"]
[EndTime "11:44:28 PDT"]
[Termination "Azatic won by resignation"]

1. e4 e5 2. Nf3 Nc6 3. Bb5 Bc5 4. O-O Nf6 5. c3 O-O 6. d4 Bb6 7. Bg5 h6 8. Bh4 d6 9. Qd3 Ne7 10. Bxf6 gxf6 11. Nh4 Ng6 12. Nxg6 fxg6 13. Nd2 f5 14. Nc4 fxe4 15. Qxe4 Bf5 16. Qxb7 Kg7 17. Nxb6 Rb8 18. Qd5 Rxb6 19. dxe5 Qe7 20. exd6 Rxd6 21.
Qc5 Be4 22. Rae1 Rf5 23. Rxe4 Qxe4 24. Qxc7+ 1-0

[Event "*** SCC Grand Prix: Titled Tuesday Blitz"]
[Site "Chess.com"]
[Date "2020.06.23"]
[Round "9"]
[White "AlanTate"]
[Black "sergeikim"]
[Result "0-1"]
[WhiteElo "2295"]
[BlackElo "2498"]
[TimeControl "180+1"]
[EndTime "11:44:30 PDT"]
[Termination "sergeikim won on time"]

1. d4 Nf6 2. c4 g6 3. Nc3 Bg7 4.
e4 d6 5. f4 O-O 6. Nf3 c5 7.
d5 b5 8. cxb5 a6 9. a4 Qa5 10. Bd2 Qb4 11. Ra3 c4 12. e5 dxe5 13. fxe5 Ng4 14. Ne4 Qxb2 15. Bc1 Qb4+ 16. Qd2 c3 17. Nxc3 Nxe5 18. Nxe5 Bxe5 19. Bd3 axb5 20. Nxb5 Na6 21. Qxb4 Nxb4 22. Bc4 Nc2+ 0-1